 Dungeon Crawl Stone Soup version 0.30-a0-377-g5cb311bc9f (webtiles) character file.

Game seed: 8851986106696399039

942 qeuew the Shield-Bearer (level 8, -6/62 HPs)
             Began as a Formicid Fighter on Nov 28, 2022.
             Was a Follower of Okawaru.
             Killed from afar by Maggie (27 damage)
             ... with a bolt of fire
             ... on level 6 of the Dungeon.
             The game lasted 00:05:11 (3837 turns).

qeuew the Shield-Bearer (Formicid Fighter)          Turns: 3837, Time: 00:05:12

Health: -6/62      AC:  9    Str: 21    XL:     8   Next: 34%
Magic:  8/10       EV: 13    Int:  8    God:    Okawaru [*.....]
Gold:   293        SH: 11    Dex: 15    Spells: 7/7 levels left

rFire   . . .      SeeInvis +    a - +0 war axe (vorpal)
rCold   . . .      Faith    .    c - +0 buckler
rNeg    . . .      Spirit   .    b - +1 scale mail
rPois   .          Reflect  .    (helmet unavailable)
rElec   .          Harm     .    (no cloak)
rCorr   .          Rampage  .    (no gloves)
Will    +....                    (no boots)
Stlth   ++........               h - amulet of regeneration
HPRegen 1.10/turn                (no ring)
MPRegen 0.12/turn                (no ring)

@: mighty, heroic, mesmerised
A: permanent stasis, dig shafts and tunnels, antennae 3, four strong arms, large
bone plates 1, strong-willed 1
a: Dig, Shaft Self, Renounce Religion, Heroism


You were on level 6 of the Dungeon.
You worshipped Okawaru.
Okawaru was aware of your devotion.
You visited 2 branches of the dungeon, and saw 7 of its levels.

You collected 293 gold pieces.

Inventory:

Hand Weapons
 a - a +0 vorpal war axe (weapon)
 q - a +0 vampiric war axe
Armour
 b - a +1 scale mail (worn)
 c - a +0 buckler (worn)
Jewellery
 h - an amulet of regeneration (around neck)
Wands
 f - a wand of iceblast (6)
 o - a wand of digging (6)
Scrolls
 i - a scroll of noise {unknown}
 j - a scroll of butterflies
 l - 2 scrolls of enchant armour
 m - a scroll of amnesia
Potions
 e - 2 potions of curing
 g - a potion of mutation


   Skills:
 + Level 5.2(10.2) Fighting
 + Level 4.1(9.1) Axes
 + Level 5.1(10.1) Armour
 + Level 3.2(8.2) Dodging
 + Level 6.2(11.2) Shields
 * Level 2.7 Invocations
 + Level 2.2 Evocations


You had 7 spell levels left.
You didn't know any spells.
Your spell library contained the following spells:

 Spells                   Type           Power      Damage    Failure   Level
 Magic Dart               Conj           0%         1d3       75%         1
 Searing Ray              Conj           0%         2d4       86%         2
 Fulminant Prism          Conj/Hex       0%         3d5       100%        4


Dungeon Overview and Level Annotations

Branches:
Dungeon (6/15)             Temple (1/1) D:4

Altars:
Cheibriados
Dithmenos
Elyvilon
Fedhas
Hepliaklqana
Kikubaaqudgha
Makhleb
Okawaru
Qazlal
Ru
Sif Muna
Trog
Uskayaw
Vehumet
Xom
Yredelemnul
Zin
The Shining One

Annotations:
D:6 Maggie


Innate Abilities, Weirdness & Mutations

You cannot be hasted, slowed, berserked, paralysed or teleported.
You can dig through walls and to a lower floor.
You have a pair of large antennae on your head. (SInv)
Your four strong arms can wield two-handed weapons with a shield.
You are partially covered in large bone plates. (SH +4)
You are strong-willed. (Will+)


Message History

You are too injured to fight recklessly!
You are too injured to fight recklessly!
You are too injured to fight recklessly!
You are too injured to fight recklessly!
You are too injured to fight recklessly!
You are too injured to fight recklessly!
You are too injured to fight recklessly!
You are too injured to fight recklessly!
You are too injured to fight recklessly!
You are too injured to fight recklessly!
Unknown command.
You hit Maggie but do no damage.
Maggie is heavily wounded.
Maggie closely misses you. Maggie misses you.
You barely miss Maggie.
Maggie is heavily wounded.
Maggie hits you with a +0 scimitar!
* * * LOW HITPOINT WARNING * * *
Unknown command.
You feel very mighty all of a sudden. You block Maggie's attack.
You hit Maggie but do no damage.
Maggie is heavily wounded.
Maggie mutters to herself, "Master Lance won't take me back.
This is the way forward."
Maggie casts a spell.
Maggie draws you further into her thrall.
You barely miss Maggie.
Maggie is heavily wounded.
You block Maggie's attack. x2
You gain the combat prowess of a mighty hero.
You block Maggie's attack.
You slash Maggie!
Maggie is severely wounded.
Maggie mumbles some strange words.
Maggie draws you further into her thrall.
You hit Maggie.
Maggie is almost dead.
Maggie points at you and mumbles some strange words.
The bolt of fire hits you!!
You die...

..# .. .. .# .#
###. ##.@# #.#@##
# ##..#>### .#
#.......# ###.#
##.#####.###...
#.........##.#
#.#..###...†<#
#.#.#.# #=.##.#
#.#...#.##..##...
#.#....
#....####.#


You could see Maggie (mesmerising).

Vanquished Creatures
  Grinder (D:3)
  A water moccasin (D:5)
  An ice beast (D:5)
  A bullfrog (D:6)
  2 scorpions (D:4)
  2 hounds
  A jelly (D:4)
  Ijyb (D:4)
  An iguana (D:5)
  2 orc wizards
  Robin (D:3)
  2 adders (D:5)
  An ufetubus (D:6)
  2 worms (D:2)
  The ghost of petzl the Sneak, a weakling FoDe of Vehumet (D:5)
  5 dart slugs
  12 orcs
  3 ball pythons
  11 endoplasms
  2 giant cockroaches
  13 goblins
  9 hobgoblins
  9 jackals
  9 kobolds
  3 quokkas
  6 bats
  4 frilled lizards
  7 rats
113 creatures vanquished.

Vanquished Creatures (others)
  An orc (D:4)
  6 plants (D:3)
  A withered plant (D:3)
8 creatures vanquished.

Grand Total: 121 creatures vanquished

Notes
Turn   | Place    | Note
-------+----------+-------------------------------------------
     0 | D:1      | qeuew the Formicid Fighter began the quest for the Orb.
     0 | D:1      | Reached XP level 1. HP: 18/18 MP: 1/1
   176 | D:1      | Reached XP level 2. HP: 24/24 MP: 2/2
   245 | D:1      | Reached XP level 3. HP: 29/29 MP: 3/3
   825 | D:1      | Gained mutation: You are strong-willed. (Will+) [potion of
                  | mutation]
   825 | D:1      | Gained mutation: You are partially covered in large bone
                  | plates. (SH +4) [potion of mutation]
   891 | D:2      | Reached skill level 1 in Dodging
  1055 | D:2      | Reached XP level 4. HP: 37/37 MP: 4/4
  1142 | D:2      | Found a shimmering blue altar of Sif Muna.
  1449 | D:3      | Found a basalt altar of Yredelemnul.
  1455 | D:3      | Noticed Grinder
  1474 | D:3      | Killed Grinder
  1475 | D:3      | Reached skill level 5 in Shields
  1475 | D:3      | Reached XP level 5. HP: 25/43 MP: 5/5
  1475 | D:3      | Reached XP level 6. HP: 28/49 MP: 6/6
  1688 | D:3      | Found a shadowy altar of Dithmenos.
  1689 | D:3      | Found a blossoming altar of Fedhas.
  1850 | D:3      | Noticed Robin
  1862 | D:3      | Killed Robin
  2262 | D:4      | Found a staircase to the Ecumenical Temple.
  2271 | Temple   | Entered the Ecumenical Temple
  2507 | Temple   | Became a worshipper of Warmaster Okawaru
  2611 | D:4      | Noticed Ijyb
  2613 | D:4      | Reached XP level 7. HP: 51/55 MP: 7/7
  2614 | D:4      | Reached skill level 1 in Evocations
  2626 | D:4      | Killed Ijyb
  3071 | D:5      | Entered Level 5 of the Dungeon
  3079 | D:5      | Noticed petzl's ghost (weakling FoDe)
  3082 | D:5      | Found a runed translucent door.
  3237 | D:5      | Killed petzl's ghost
  3338 | D:5      | Reached skill level 1 in Invocations
  3339 | D:5      | Reached * piety under Okawaru
  3377 | D:5      | Noticed a water moccasin
  3384 | D:5      | Killed a water moccasin
  3385 | D:5      | Reached skill level 5 in Fighting
  3385 | D:5      | Reached skill level 6 in Shields
  3385 | D:5      | Reached XP level 8. HP: 61/62 MP: 7/9
  3445 | D:5      | Reached skill level 5 in Armour
  3815 | D:6      | Found a sacrificial altar of Ru.
  3822 | D:6      | Noticed Maggie
  3837 | D:6      | Killed from afar by Maggie

Illustrated notes

Levels and vault maps discovered:
D:1:      lemuel_arrival_lava_pool, layout_basic
D:2:      wad_pebble_path, layout_basic, basic_altar, serial_aquarium,
          aquarium_bridge_straight [aquarium_subvault_bridge,
          aquarium_subvault_wall, aquarium_subvault_bridge,
          aquarium_subvault_window], aquarium_window_1, aquarium_window_3,
          aquarium_view_2e, aquarium_view_2b
D:3:      layout_loops_cross, yredelemnul_altar_generic, jmf_multi_god_temple,
          serial_bayou_lake_a, uniq_grinder, uniq_robin
D:4:      layout_loops_ring, minmay_temple_entry_slanted, minmay_bisected,
          uniq_ijyb
D:5:      layout_basic, hellmonk_ghost_happy_afterlife
D:6:      layout_loops_ring, nicolae_ru_awakened_eye, uniq_eustachio,
          uniq_blork_the_orc, uniq_maggie
Temple:   nicolae_temple_figure_eight

Skill      XL: |  1  2  3  4  5  6  7  8 |
---------------+-------------------------+-----
Dodging        | 1 2 3 |  3.2
Fighting       | 4 5 |  5.2
Axes           | 3 4 |  4.1
Armour         | 4 5 |  5.1
Shields        | 5 6 |  6.2
Evocations     | 1 2 |  2.2
Invocations    | 1 2 |  2.7

Action                   |  1- 3 |  4- 6 |  7- 9 || total
-------------------------+-------+-------+-------++-------
Melee: War axe           |   103 |   107 |   122 ||   332
Invok: Heroism           |       |       |     1 ||     1
  Use: Potion            |     5 |       |     2 ||     7
       Scroll            |     3 |     6 |     4 ||    13
Armor: Scale mail        |    47 |    34 |    34 ||   115
Dodge: Dodged            |    67 |    46 |    61 ||   174
Block: Buckler           |    51 |    63 |    55 ||   169

Table legend: (Time is in decaauts)
 A = Elapsed time spent in this place.
 B = Non-inter-level travel time spent in this place.
 C = Inter-level travel time spent in this place.
 D = Time resting spent in this place.
 E = Time spent auto-exploring this place.
 F = Levels seen in this place.
 G = Mean time per level.
                   A        B        C        D        E       F      G
               +--------+--------+--------+--------+--------+-----+--------+
         Total |   3993 |   3828 |    165 |     29 |   2962 |   7 |  570.4 |
       Dungeon |   3715 |   3619 |     96 |     29 |   2757 |   6 |  619.2 |
        Temple |    277 |    208 |     69 |      0 |    205 |   1 |  277.0 |
               +--------+--------+--------+--------+--------+-----+--------+

Top non-repeatable levels by time:
     D:1: 913 daAuts
     D:3: 846 daAuts
     D:5: 737 daAuts
     D:2: 590 daAuts
     D:4: 567 daAuts
  Temple: 277 daAuts
     D:6: 59 daAuts
